AoeStats
← Ralimak

Arabia

509755027Analyzed
1v1 RM · 5d ago on Sep 27, 2026· 36m 23s· 2 players
Game mode
Random Map
Map size
Tiny (2 player)
Population
200
Speed
Normal
Resources
Standard
Victory
Conquest
Starting age
Dark Age
Ending age
Imperial Age
RankedLock teamsTeams togetherTeam positionsShared explorationLock speedFull tech treeHidden civsTurbo modeCheats
Victory
Defeat
🇺🇸 Cumans · United States
826
+16
🇨🇱 Mongols · Chile
818
-16
DRY
4:40 Loom
12:43 Feudal Age
14:38 Double-Bit Axe
18:31 Fletching
23:33 Bloodlines
35:09 Castle Age
36:37 Bodkin Arrow
Ralimak
7:34 Loom
11:04 Feudal Age
13:17 Double-Bit Axe
27:56 Scale Barding Armor
33:13 Man-at-Arms
Connection lost

Rejoining the realm…

Still unreachable

The connection could not be restored.

Session expired

The server has moved on; the page needs a fresh start.